 Dungeon Sprint DCSS version 0.19.1 (webtiles) character file.

9059 Kalmpela the Stickfighter (level 11, -5/123 HPs)
             Began as a Formicid Hunter on Dec 23, 2016.
             Killed from afar by an ogre mage (37 damage)
             ... with a bolt of lightning
             ... in the Dungeon (Sprint IX: "|||||||||||||||||||||||||||||").
             The game lasted 00:22:36 (1811 turns).

Kalmpela the Stickfighter (Formicid Hunter)         Turns: 1811, Time: 00:22:37

Health: -5/123     AC:  6    Str: 20    XL:     11   Next: 67%
Magic:  11/11      EV: 18    Int: 12    God:    Xom [..*...]
Gold:   1285       SH:  0    Dex: 16    Spells: 0 memorised, 10 levels left

rFire  x . .     SeeInvis .     (weapon currently unavailable)
rCold  + + +     Gourm    .     (armour currently unavailable)
rNeg   . . .     Faith    .     (shield currently unavailable)
rPois  +         Spirit   .     (helmet unavailable)
rElec  .         Reflect  .     (cloak currently unavailable)
rCorr  .         Harm     .     (gloves currently unavailable)
MR     +....                    (boots currently unavailable)
Stlth  ++........               (no amulet)
                                u - +3 ring of dexterity
                                t - +3 ring of strength

@: ice-form
A: permanent stasis, dig shafts and tunnels, four strong arms, (antennae 0)
a: Renounce Religion


You were in the Dungeon.
You worshipped Xom.
You were a toy of Xom.
You were not hungry.
You were a creature of crystalline ice.
You visited 1 branch You collected 1285 gold pieces.

Inventory:

Hand Weapons
 a - a +0 short sword
 q - the +1 broad axe of Pestilence {elec, *Noise rPois MP+9 Stlth+}
   (You found it in the Dungeon)

   Occasionally, upon striking a foe, it will discharge some electrical energy
   and cause terrible harm.
   It protects you from poison.
   It affects your magic capacity (+9).
   It may make noises in combat.
   It makes you more stealthy.
 r - the +4 quarterstaff of Rubbish (melded) {elec, Dex+6}
   (You found it in the Dungeon)

   Occasionally, upon striking a foe, it will discharge some electrical energy
   and cause terrible harm.
   It affects your dexterity (+6).
Missiles
 c - 2 javelins (quivered)
Armour
 b - a +0 leather armour (melded)
 s - a +0 pair of gloves (melded)
 E - a +0 pair of boots (melded)
Magical Staves
 p - an uncursed staff of energy
Jewellery
 t - a +3 ring of strength (left front paw)
 u - a +3 ring of dexterity (right front paw)
Wands
 o - a wand of lightning (7/15)
Scrolls
 k - 2 scrolls of blinking
 m - 3 scrolls of remove curse
 n - 2 scrolls of amnesia
 y - 2 scrolls of enchant armour
 z - a scroll of identify
 A - a scroll of recharging
 B - 2 scrolls of fog
Potions
 g - a potion of heal wounds
 h - a potion of haste
 i - 4 potions of magic
 j - a potion of berserk rage
 l - 4 potions of curing
 v - a potion of resistance
 w - 2 potions of might
Comestibles
 f - 13 bread rations
 x - a slice of pizza
 C - 40 fruits
 D - 12 meat rations


   Skills:
 + Level 15.5 Fighting
 - Level 1.5 Short Blades
 - Level 16.3 Staves
 - Level 9.1 Throwing
 - Level 3.2 Armour
 * Level 12.2 Dodging
 - Level 1.9 Stealth
 + Level 0.4 Spellcasting
 + Level 0.4 Evocations


You had 10 spell levels left.
You didn't know any spells.

Dungeon Overview and Level Annotations

Branches:
Dungeon (1/1)

Altars:
Cheibriados
Dithmenos
Elyvilon
Fedhas
Gozag
Hepliaklqana
Kikubaaqudgha
Makhleb
Nemelex Xobeh
Okawaru
Qazlal
Ru
Sif Muna
Trog
Uskayaw
Vehumet
Xom
Yredelemnul
Zin
The Shining One
Beogh
Jiyva
Lugonu

Shops:
D (


Innate Abilities, Weirdness & Mutations

You are under a permanent stasis effect.
You can dig through walls and to a lower floor.
Your four strong arms can wield two-handed weapons with a shield.
((You have a pair of large antennae on your head. (SInv)))


Message History

* * * LOW HITPOINT WARNING * * *
Found 50 gold pieces.
There is an open door to Orc:2, spattered with blood here.
Things that are here:
a giant club; a robe You barely miss the ogre mage.
The ogre mage closely misses you.
The ogre mage mumbles some strange words.
You hit the ogre mage. You freeze the ogre mage.
The ogre mage is lightly wounded.
The ogre mage points at you and mumbles some strange words.
The bolt of lightning misses you.
The ogre mage points at you and mumbles some strange words.
Your stasis keeps you stable.
Okay, then.
You punch the ogre mage! You freeze the ogre mage.
The ogre mage is heavily wounded.
The ogre mage gestures at you while chanting.
The bolt of lightning hits you!
You die...
Xom giggles madly!

________________.'...).[[..'....[
▓▓▓▓▓▓▓▓▓▓▓▓▓▓▓▓▓▓▓▓▓▓▓▓▓▓▓▓▓▓▓▓▓
.................................
▓▓▓▓▓▓▓▓▓▓▓▓▓▓▓▓▓▓▓▓▓▓▓▓▓▓▓▓▓▓▓▓▓
.......†.........††.......(..['..
▓▓▓▓▓▓▓▓▓▓▓▓▓▓▓▓▓▓▓▓▓▓▓▓▓▓▓▓▓▓▓▓▓
.................................
▓▓▓▓▓▓▓▓▓▓▓▓▓▓▓▓▓▓▓▓▓▓▓▓▓▓▓▓▓▓▓▓▓
...'))))))......YOTOT$∩$ { {


{{{{ ▓▓▓▓▓▓▓▓▓▓▓▓▓▓▓▓▓▓▓▓▓▓▓▓ { ∆∆∆∆∆∆∆∆ ∆∆∆∆ ∆∆∆∆ {{{{{{{{{{{{{{ sSF e mC F N
NS ssas ss mm S You could see 2 ogre magi and 2 trolls.

Vanquished Creatures
  An ogre mage (D)
  2 hydras (D)
  An orc high priest (D)
  A hill giant (D)
  An orc knight (D)
  An orc sorcerer (D)
  4 spiny frogs (D)
  A hippogriff (D)
  A yak (D)
  2 wargs (D)
  A water moccasin (D)
  3 hell hounds (D)
  A porcupine (D)
  10 orc warriors (D)
  A necrophage (D)
  A phantom (D)
  An eye of draining (D)
  3 wolves (D)
  3 crocodiles (D)
  2 bullfrogs (D)
  A scorpion (D)
  2 orc wizards (D)
  3 orc priests (D)
  A worker ant (D)
  An adder (D)
  A leopard gecko (D)
  7 orcs (D)
  A giant cockroach (D)
  A hobgoblin (D)
  A jackal (D)
  A quokka (D)
  A bat (D)
  A frilled lizard (D)
  A rat (D)
64 creatures vanquished.

Vanquished Creatures (collateral kills)
  A hill giant (D)
  A spiny frog (D)
  A komodo dragon (D)
  A troll (D)
  A hungry ghost (D)
  An ice beast (D)
  A crocodile (D)
  2 bullfrogs (D)
  A scorpion (D)
  An orc wizard (D)
11 creatures vanquished.

Vanquished Creatures (others)
  2 dancing weapons (D)
2 creatures vanquished.

Grand Total: 77 creatures vanquished

Notes
Turn   | Place    | Note
-------+----------+-------------------------------------------
     0 | D        | Kalmpela the Formicid Hunter began the quest for the Orb.
     0 | D        | Reached XP level 1. HP: 16/16 MP: 1/1
    13 | D        | Reached skill level 5 in Throwing
   139 | D        | Noticed a worker ant
   139 | D        | Noticed a phantom
   140 | D        | Reached XP level 2. HP: 23/23 MP: 2/2
   145 | D        | Reached skill level 1 in Armour
   145 | D        | Reached XP level 3. HP: 12/28 MP: 3/3
   188 | D        | Killed a phantom
   188 | D        | Reached skill level 1 in Short Blades
   188 | D        | Reached XP level 4. HP: 12/35 MP: 4/4
   188 | D        | Reached XP level 5. HP: 14/41 MP: 5/5
   394 | D        | Found a roughly hewn altar of Beogh.
   394 | D        | Found a snail-covered altar of Cheibriados.
   394 | D        | Found a shadowy altar of Dithmenos.
   394 | D        | Found a white marble altar of Elyvilon.
   394 | D        | Found a blossoming altar of Fedhas.
   394 | D        | Found an opulent altar of Gozag.
   395 | D        | Found a hazy altar of Hepliaklqana.
   396 | D        | Found a viscous altar of Jiyva.
   397 | D        | Found an ancient bone altar of Kikubaaqudgha.
   398 | D        | Found a corrupted altar of Lugonu.
   399 | D        | Found a burning altar of Makhleb.
   400 | D        | Found a sparkling altar of Nemelex Xobeh.
   401 | D        | Found an iron altar of Okawaru.
   402 | D        | Found a stormy altar of Qazlal.
   403 | D        | Found a sacrificial altar of Ru.
   404 | D        | Found a deep blue altar of Sif Muna.
   405 | D        | Found a bloodstained altar of Trog.
   406 | D        | Found a hide-covered altar of Uskayaw.
   407 | D        | Found a radiant altar of Vehumet.
   408 | D        | Found a shimmering altar of Xom.
   409 | D        | Found a basalt altar of Yredelemnul.
   410 | D        | Found a glowing silver altar of Zin.
   411 | D        | Found a glowing golden altar of the Shining One.
   416 | D        | Became a worshipper of Xom the Capricious
   431 | D        | Got the +1 broad axe of Pestilence {elec, *Noise rPois MP+9 Stlth+}
   431 | D        | Got the +4 quarterstaff of Rubbish {elec, Dex+6}
   448 | D        | Noticed a necrophage
   448 | D        | Noticed an eye of draining
   448 | D        | Noticed a bullfrog
   450 | D        | XOM: potion effect (brilliance)
   454 | D        | Reached skill level 4 in Staves
   458 | D        | XOM: confuse monster(s)
   459 | D        | XOM: confusion (+ monsters)
   461 | D        | Killed a necrophage
   461 | D        | Reached skill level 7 in Staves
   461 | D        | Reached XP level 6. HP: 44/47 MP: 3/6
   465 | D        | Killed an eye of draining
   465 | D        | Reached skill level 8 in Staves
   467 | D        | Reached skill level 9 in Staves
   467 | D        | Reached XP level 7. HP: 50/52 MP: 4/7
   477 | D        | Noticed a hill giant
   477 | D        | Noticed a hungry ghost
   477 | D        | Noticed a troll
   488 | D        | XOM: butterfly on damage
   489 | D        | XOM: polymorph butterfly -> gnoll
   500 | D        | Killed a hill giant
   500 | D        | Reached skill level 12 in Staves
   501 | D        | Reached XP level 8. HP: 20/58 MP: 8/8
   505 | D        | Reached skill level 13 in Staves
   507 | D        | Killed a troll
   525 | D        | XOM: cloud trail
   531 | D        | XOM: silly message
   626 | D        | Noticed a spiny frog
   626 | D        | Noticed a komodo dragon
   626 | D        | Noticed a spiny frog
   626 | D        | Noticed a five-headed hydra
   629 | D        | Killed a spiny frog
   629 | D        | Reached skill level 14 in Staves
   632 | D        | XOM: potion effect (brilliance)
   632 | D        | Killed a komodo dragon
   633 | D        | Noticed a yak
   634 | D        | Noticed a spiny frog
   634 | D        | XOM: potion effect (heal wounds)
   637 | D        | Killed a five-headed hydra
   637 | D        | Reached skill level 16 in Staves
   637 | D        | Reached XP level 9. HP: 39/64 MP: 9/9
   639 | D        | XOM: summons friendly shadow imp
   640 | D        | Killed a spiny frog
   640 | D        | Reached skill level 5 in Fighting
   655 | D        | XOM: fake destruction
   662 | D        | XOM: summons friendly ufetubus
   668 | D        | Reached skill level 5 in Dodging
   673 | D        | Killed a spiny frog
   674 | D        | Reached XP level 10. HP: 29/82 MP: 10/10
   903 | D        | Noticed an eight-headed hydra
   903 | D        | Noticed a spiny frog
   905 | D        | Noticed a spiny frog
   907 | D        | Killed an eight-headed hydra
   907 | D        | Reached skill level 10 in Fighting
   919 | D        | Killed a spiny frog
   919 | D        | XOM: summons 3 friendly demons
   937 | D        | Killed a spiny frog
   950 | D        | XOM: confuse monster(s)
  1209 | D        | XOM: divination: detect creatures
  1257 | D        | XOM: mild Chrm miscast
  1402 | D        | XOM: enchant monster (good)
  1406 | D        | Reached XP level 11. HP: 88/97 MP: 11/11
  1414 | D        | XOM: cast spell 'Metabolic Englaciation'
  1415 | D        | Reached skill level 10 in Dodging
  1437 | D        | Noticed an orc knight
  1437 | D        | Noticed an orc sorcerer
  1454 | D        | Killed an orc knight
  1459 | D        | Killed an orc sorcerer
  1469 | D        | XOM: divination: detect items
  1473 | D        | Noticed an orc high priest
  1499 | D        | Killed an orc high priest
  1795 | D        | Found Ziunociade's Weapon Emporium.
  1795 | D        | Noticed an ogre mage
  1795 | D        | Noticed a hill giant
  1795 | D        | Noticed an ogre mage
  1795 | D        | Noticed an ogre mage
  1796 | D        | XOM: cast spell 'Ice Form'
  1799 | D        | Killed an ogre mage
  1799 | D        | Reached skill level 15 in Fighting
  1807 | D        | Killed a hill giant
  1811 | D        | Killed from afar by an ogre mage

Skill      XL: |  1  2  3  4  5  6  7  8  9 10 11 |
---------------+----------------------------------+-----
Dodging        | 2 3 6 9 12 | 12.2
Throwing       | 5 7 9 |  9.1
Armour         | 1 3 |  3.2
Fighting       | 3 8 12 15 | 15.5
Short Blades   | 1 |  1.5
Staves         | 7 9 12 16 | 16.3
Stealth        | |  1.9
Spellcasting   | |  0.4
Evocations     | |  0.4

Action                   |  1- 3 |  4- 6 |  7- 9 | 10-12 || total
-------------------------+-------+-------+-------+-------++-------
Melee: Short sword       |    20 |       |       |       ||    20
       Quarterstaff      |       |    11 |    26 |   138 ||   175
       Unarmed           |       |       |       |    14 ||    14
Throw: Javelin           |    17 |     4 |     4 |    11 ||    36
       Throwing net      |     3 |       |     1 |     1 ||     5
  Use: Potion            |     2 |       |     2 |     3 ||     7
 Stab: Confused          |       |     1 |       |     1 ||     2
       Held in net/web   |       |       |     2 |     1 ||     3
       Distracted        |       |       |       |     1 ||     1
       Invisible         |       |       |       |     1 ||     1
       Paralysed         |       |       |       |     1 ||     1
  Eat: Chunk             |       |       |       |     3 ||     3
Armor: Leather armour    |    10 |     3 |       |     4 ||    17
Dodge: Dodged            |    21 |     6 |    10 |    73 ||   110
